 Dungeon Crawl Stone Soup version 0.18.1-48-g4cf74bf (webtiles) character file.

12026 Jebus the Eclecticist (level 11, -31/54 HPs)
             Began as a Deep Elf Summoner on Aug 10, 2016.
             Was the Champion of Sif Muna.
             Annihilated by a phantasmal warrior (36 damage)
             ... led by a death knight
             ... on level 11 of the Dungeon.
             The game lasted 01:06:07 (25435 turns).

Jebus the Eclecticist (Deep Elf Summoner)          Turns: 25435, Time: 01:06:08

Health: -31/54     AC:  4    Str:  6    XL:     11   Next: 57%
Magic:  20/33      EV: 13    Int: 23    God:    Sif Muna [******]
Gold:   467        SH:  0    Dex: 15    Spells: 9 memorised, 7 levels left

rFire  . . .     SeeInvis +     K - staff of air
rCold  + . .     Gourm    .     x - +0 robe {rC+}
rNeg   + . .     Faith    .     (no shield)
rPois  .         Spirit   .     (no helmet)
rElec  +         Dismiss  +     y - +0 cloak
rCorr  .         Reflect  .     I - +0 pair of gloves
SustAt .         Harm     .     (no boots)
MR     +....                    i - amulet of dismissal
Stlth  ++........               X - ring of positive energy
                                e - ring of see invisible

@: somewhat resistant to hostile enchantments, unstealthy
A: no striking features
a: Channel Energy, Forget Spell, Renounce Religion


You were on level 11 of the Dungeon.
You worshipped Sif Muna.
Sif Muna was exalted by your worship.
You were hungry.

You visited 3 branches of the dungeon, and saw 17 of its levels.

You collected 803 gold pieces.
You spent 336 gold pieces at shops.

Inventory:

Hand Weapons
 d - a +4 dagger of protection
 g - a +3 dagger of freezing
Armour
 x - a +0 robe of cold resistance (worn)
 y - a +0 cloak (worn)
 I - a +0 pair of gloves (worn)
 U - the +5 robe of the Lonely Gods {-Tele Int+5}
   (You found it on level 3 of the Lair of Beasts)

   It affects your intelligence (+5).
   It prevents most forms of teleportation.
Magical Staves
 K - an uncursed staff of air (weapon)
Jewellery
 e - a ring of see invisible (left hand)
 i - an amulet of dismissal (around neck)
 X - a ring of positive energy (right hand)
Wands
 a - a wand of iceblast (2/15)
 f - a wand of flame (30/48)
 r - a wand of paralysis (19/24)
 s - a wand of iceblast (4/15)
 v - a wand of paralysis (10/24)
 w - a wand of lightning (6/15)
 A - a wand of enslavement (13/24)
 B - a wand of digging (11/24)
 D - a wand of polymorph (17/24)
 H - a wand of random effects (20/48)
 N - a wand of lightning (7/15)
 Q - a wand of disintegration (3/24)
Scrolls
 h - 5 scrolls of teleportation
 k - a scroll of enchant armour
 p - a scroll of enchant weapon
 q - a scroll of fear {unknown}
 F - a scroll of holy word
 J - a scroll of magic mapping
 M - 2 scrolls of recharging
 O - a scroll of fog {unknown}
 P - 3 scrolls of remove curse
 V - a scroll of identify
Potions
 l - a potion of mutation
 o - 2 potions of agility
 z - 3 potions of flight
 G - 2 potions of brilliance
 L - a potion of haste
 T - a potion of might
Books
 b - a book of Callings

   Spells                             Type                      Level
   a - Summon Small Mammal            Summoning                    1
   b - Call Imp                       Summoning                    2
   c - Call Canine Familiar           Summoning                    3
   d - Summon Guardian Golem          Hexes/Summoning              3
   e - Summon Lightning Spire         Summoning/Air                4
   f - Summon Ice Beast               Ice/Summoning                4
 m - Sif Muna's Handbook of Protection
   (You found it on level 2 of the Dungeon)

   Spells                             Type                      Level
   a - Infusion                       Charms                       1
 t - a book of Debilitation

   Spells                             Type                      Level
   a - Corona                         Hexes                        1
   b - Slow                           Hexes                        2
   c - Gell's Gravitas                Hexes/Translocation          3
   d - Inner Flame                    Hexes/Fire                   3
   e - Cause Fear                     Hexes                        4
   f - Leda's Liquefaction            Hexes/Earth                  4
 C - a book of Beasts

   Spells                             Type                      Level
   a - Summon Butterflies             Summoning                    1
   b - Call Canine Familiar           Summoning                    3
   c - Summon Ice Beast               Ice/Summoning                4
   d - Summon Mana Viper              Hexes/Summoning              5
   e - Summon Hydra                   Summoning                    7
 R - Puizxicatwo's Almanac of Glacial Summoning
   (Sif Muna gifted it to you on level 1 of the Lair of Beasts)

   Spells                             Type                      Level
   a - Call Imp                       Summoning                    2
   b - Recall                         Summoning/Translocation      3
   c - Metabolic Englaciation         Hexes/Ice                    5
   d - Summon Demon                   Summoning                    5
   e - Haunt                          Necromancy/Summoning         7
   f - Monstrous Menagerie            Summoning                    7
 W - Sif Muna's Catalogue of the Cankerous Entourage
   (Sif Muna gifted it to you on level 4 of the Lair of Beasts)

   Spells                             Type                      Level
   a - Call Canine Familiar           Summoning                    3
   b - Spider Form                    Transmutation/Poison         3
   c - Olgreb's Toxic Radiance        Poison                       4
   d - Aura of Abjuration             Summoning                    5
   e - Spellforged Servitor           Conjuration/Summoning        7
   f - Malign Gateway                 Summoning/Translocation      7
 Y - a book of the Dragon

   Spells                             Type                      Level
   a - Flame Tongue                   Conjuration/Fire             1
   b - Cause Fear                     Hexes                        4
   c - Bolt of Fire                   Conjuration/Fire             6
   d - Dragon Form                    Transmutation                7
   e - Dragon's Call                  Summoning                    9
 Z - a book of Unlife

   Spells                             Type                      Level
   a - Recall                         Summoning/Translocation      3
   b - Animate Dead                   Necromancy                   4
   c - Control Undead                 Necromancy                   4
   d - Cigotuvi's Embrace             Necromancy                   5
   e - Death Channel                  Necromancy                   6
   f - Simulacrum                     Ice/Necromancy               6
Comestibles
 c - 8 bread rations
 n - 10 meat rations
 u - a royal jelly
 E - a slice of pizza


   Skills:
 - Level 2.4 Dodging
 - Level 2.4 Stealth
 + Level 16.0 Spellcasting
 + Level 14.2 Summonings
 + Level 3.0 Invocations


You had 7 spell levels left.
You knew the following spells:

 Your Spells              Type           Power        Failure   Level  Hunger
a - Summon Small Mammal   Summ           ####         0%          1    None
b - Call Imp              Summ           ######..     0%          2    None
c - Call Canine Familiar  Summ           ######..     1%          3    None
d - Summon Ice Beast      Ice/Summ       ######..     1%          4    None
e - Summon Butterflies    Summ           ######..     0%          1    None
f - Summon Mana Viper     Hex/Summ       ######..     6%          5    ##.....
g - Summon Hydra          Summ           ######....   10%         7    ######.
h - Summon Demon          Summ           ######....   1%          5    ##.....
i - Monstrous Menagerie   Summ           ######....   10%         7    ######.


Dungeon Overview and Level Annotations

Branches:
Dungeon (11/15)            Temple (1/1) D:5            Lair (5/8) D:8
  Swamp: Lair:3-6    Shoals: Lair:3-6     Snake: Lair:3-6    Spider: Lair:3-6
    Orc: D:9-12

Altars:
Ashenzari
Cheibriados
Dithmenos
Elyvilon
Fedhas
Gozag
Kikubaaqudgha
Makhleb
Nemelex Xobeh
Okawaru
Pakellas
Qazlal
Ru
Sif Muna
Trog
Vehumet
Xom
Yredelemnul
Zin
The Shining One

Shops:
D:9 *

Annotations:
D:11 Fannar
Lair:5 Nessos


Message History

You summon a sphinx!
Fannar barely misses you.
Your six-headed hydra completely misses Fannar.
Your six-headed hydra barely misses Fannar.
Your six-headed hydra bites Fannar!
Your six-headed hydra barely misses Fannar.
Your six-headed hydra bites Fannar!
Your six-headed hydra bites Fannar.
The phantasmal warrior blinks!
You hit the phantasmal warrior but do no damage.
The phantasmal warrior is lightly damaged.
Fannar hits you with a quarterstaff of freezing.
* * * LOW HITPOINT WARNING * * *
Fannar freezes you.
* * * LOW HITPOINT WARNING * * *
Your six-headed hydra barely misses Fannar.
Your six-headed hydra closely misses Fannar.
Your six-headed hydra bites Fannar!
Your six-headed hydra bites Fannar. x2
Your six-headed hydra bites Fannar!
Your sphinx closely misses Fannar.
Your sphinx hits Fannar! x2; The phantasmal warrior hits you!!!
Ouch! That really hurt!
You die...

#.###.## ##.## #)# ##.##
##.###### #####.#
##.###.....).# ......#
##.(.######.# ......###
##.ยง))((..(# .###.Y..#
#..######## .#......#
#.(#
.#.###..#####.D#########
...#....Y#)....e@W<.....
#..#.###.#)###H#######..
#....#.....# #.#
.....#W###.# #.#
####...#...# #.#
.....#.#.### #.#
####.#...# #.# #.#####
#.# #.#


You could see Fannar, a phantasmal warrior, a friendly sphinx and a friendly
six-headed hydra.

Vanquished Creatures
  2 yaks (D:9)
  A porcupine (Lair:3)
  A phantom (D:9)
  An ogre (D:5)
  A wight (D:6)
  A hound (D:4)
  2 orc priests
  A giant frog skeleton (D:5)
  2 orc wizards
  A hound skeleton (D:4)
  A worker ant zombie (D:5)
  3 adders
  A shadow imp (D:6)
  2 adder zombies
  A dart slug (D:1)
  6 giant geckos
  3 orcs (D:6)
  A ball python (D:3)
  4 giant cockroaches
  5 goblins
  4 hobgoblins
  6 jackals
  5 quokkas
  5 bats
  A giant cockroach zombie (D:5)
  2 giant gecko zombies
  4 giant newts (D:2)
  A kobold (D:1)
  10 rats
78 creatures vanquished.

Vanquished Creatures (collateral kills)
  Snorg (Lair:4)
  2 hydras
  The ghost of barneyfife the Transmogrifier, a novice DrTm of Cheibriados (D:10)
  2 hill giants
  A deep elf mage (D:11)
  Psyche (D:10)
  A rime drake (Lair:3)
  8 spiny frogs
  2 komodo dragons (Lair:1)
  A freezing wraith (D:11)
  3 trolls
  A polar bear (Lair:4)
  A spriggan (D:8)
  21 yaks
  A wyvern (D:8)
  A hungry ghost (D:10)
  2 fire bats (Lair:3)
  6 hippogriffs
  7 water moccasins
  7 porcupines
  2 necrophages
  7 orc warriors
  5 ice beasts
  7 sky beasts
  4 black bears
  2 phantoms
  3 ogres
  11 wolves (Lair:3)
  3 centaurs
  6 crocodiles
  A big kobold (D:9)
  11 giant frogs
  A gnoll sergeant (D:9)
  5 scorpions
  7 wights
  7 killer bees
  2 electric eels (Lair:4)
  A centaur zombie (D:9)
  A giant frog zombie (D:7)
  5 crimson imps
  4 hounds
  5 jellies
  2 centaur skeletons
  An orc priest (D:6)
  2 giant frog skeletons
  6 iguanas
  7 orc wizards
  10 worker ants
  A sheep (Lair:5)
  A hound zombie (D:11)
  A worker ant zombie (D:5)
  3 gnolls (D:9)
  10 adders
  24 river rats
  2 shadow imps (D:6)
  An adder zombie (D:7)
  A worm (D:3)
  2 dart slugs (D:1)
  A giant gecko (D:8)
  20 orcs
  2 bats
  2 giant cockroaches (D:1)
  5 goblins
  5 hobgoblins (D:1)
  2 jackals
  12 kobolds
  2 quokkas
  A giant newt (D:1)
  A rat (D:3)
  A fungus (Lair:4)
298 creatures vanquished.

Vanquished Creatures (others)
  5 fungi
5 creatures vanquished.

Grand Total: 381 creatures vanquished

Notes
Turn   | Place    | Note
--------------------------------------------------------------
     0 | D:1      | Jebus the Deep Elf Summoner began the quest for the Orb.
     0 | D:1      | Reached XP level 1. HP: 10/10 MP: 6/6
   697 | D:1      | Reached XP level 2. HP: 5/15 MP: 3/8
  1024 | D:1      | Learned a level 2 spell: Call Imp
  1613 | D:1      | Reached skill level 4 in Spellcasting
  1755 | D:1      | Reached XP level 3. HP: 16/19 MP: 10/10
  1875 | D:1      | Reached skill level 5 in Summonings
  1901 | D:2      | Learned a level 3 spell: Call Canine Familiar
  2052 | D:2      | Found a shattered altar of Ashenzari.
  2467 | D:2      | Found a radiant altar of Vehumet.
  2471 | D:2      | Found an ancient bone altar of Kikubaaqudgha.
  2473 | D:2      | Found a deep blue altar of Sif Muna.
  2485 | D:2      | Identified Sif Muna's Handbook of Protection
  2487 | D:2      | Became a worshipper of Sif Muna the Loreminder
  2876 | D:3      | Reached XP level 4. HP: 19/24 MP: 4/12
  2880 | D:3      | Reached skill level 5 in Spellcasting
  2949 | D:3      | Learned a level 4 spell: Summon Ice Beast
  3145 | D:3      | Reached XP level 5. HP: 28/28 MP: 6/14
  3593 | D:3      | Found a basalt altar of Yredelemnul.
  4478 | D:4      | Found a sacrificial altar of Ru.
  4885 | D:4      | Reached skill level 6 in Spellcasting
  5314 | D:5      | Entered Level 5 of the Dungeon
  5420 | D:5      | Noticed an ogre
  5444 | D:5      | Killed an ogre
  5444 | D:5      | Reached * piety under Sif Muna
  5444 | D:5      | Reached XP level 6. HP: 32/32 MP: 10/17
  6115 | D:5      | Found a staircase to the Ecumenical Temple.
  6143 | Temple   | Entered the Ecumenical Temple
  6690 | D:5      | Reached skill level 7 in Spellcasting
  6886 | D:6      | Noticed an orc warrior
  6926 | D:6      | Killed an orc warrior
  6955 | D:6      | Reached XP level 7. HP: 17/36 MP: 7/19
  7128 | D:6      | Found a radiant altar of Vehumet.
  7848 | D:6      | Found a glowing golden altar of the Shining One.
  7851 | D:6      | Found a shadowy altar of Dithmenos.
  8148 | D:6      | Reached skill level 8 in Spellcasting
  8302 | D:6      | Reached ** piety under Sif Muna
  9286 | D:6      | Reached skill level 9 in Spellcasting
  9524 | D:7      | Reached XP level 8. HP: 38/41 MP: 20/23
  9547 | D:7      | Found a burning altar of Makhleb.
 10011 | D:7      | Found a glowing silver altar of Zin.
 10601 | D:7      | Found an oddly glowing altar of Pakellas.
 10680 | D:7      | Learned a level 1 spell: Summon Butterflies
 10686 | D:7      | Learned a level 5 spell: Summon Mana Viper
 10694 | D:7      | Learned a level 7 spell: Summon Hydra
 10858 | D:8      | Reached skill level 10 in Spellcasting
 11131 | D:8      | Reached *** piety under Sif Muna
 11451 | D:8      | Found a staircase to the Lair.
 12140 | D:8      | Reached skill level 10 in Summonings
 12573 | D:9      | Reached skill level 11 in Spellcasting
 12620 | D:9      | Found Ujus's Assorted Antiques.
 12628 | D:9      | Bought a long runed staff for 336 gold pieces
 12648 | D:9      | Reached XP level 9. HP: 32/45 MP: 22/26
 13217 | D:9      | Reached **** piety under Sif Muna
 13301 | Lair:1   | Entered Level 1 of the Lair of Beasts
 13336 | Lair:1   | Noticed a komodo dragon
 13338 | Lair:1   | Noticed a spiny frog
 13338 | Lair:1   | Noticed a komodo dragon
 13357 | Lair:1   | Killed a komodo dragon
 13528 | D:9      | Reached skill level 12 in Spellcasting
 14559 | D:9      | Reached ***** piety under Sif Muna
 14872 | D:9      | Noticed a troll
 14882 | D:9      | Killed a troll
 14986 | D:9      | Reached skill level 13 in Spellcasting
 14990 | D:9      | Reached XP level 10. HP: 50/50 MP: 4/29
 15513 | Lair:1   | Killed a spiny frog
 16053 | Lair:1   | Noticed a spiny frog
 16065 | Lair:1   | Killed a spiny frog
 16205 | Lair:1   | Reached ****** piety under Sif Muna
 16205 | Lair:1   | Received a gift from Sif Muna
 16248 | Lair:1   | Identified Puizxicatwo's Almanac of Glacial Summoning (Sif Muna gifted it to you on level 1 of the Lair of Beasts)
 16255 | Lair:1   | Learned a level 5 spell: Summon Demon
 16324 | Lair:1   | Learned a level 7 spell: Monstrous Menagerie
 16594 | Lair:2   | Noticed a spiny frog
 16613 | Lair:2   | Killed a spiny frog
 17499 | Lair:3   | Reached skill level 14 in Spellcasting
 18164 | Lair:3   | Noticed a six-headed hydra
 18171 | Lair:3   | Killed a six-headed hydra
 18829 | Lair:3   | Noticed a spiny frog
 19159 | Lair:3   | Noticed a spiny frog
 19169 | Lair:3   | Killed a spiny frog
 19665 | Lair:3   | Killed a spiny frog
 19714 | Lair:3   | Got a shadowed robe
 19798 | Lair:4   | Identified the +5 robe of the Lonely Gods {-Tele Int+5} (You found it on level 3 of the Lair of Beasts)
 20106 | Lair:4   | Reached skill level 15 in Spellcasting
 20344 | Lair:4   | Noticed Snorg
 20349 | Lair:4   | Killed Snorg
 20349 | Lair:4   | Reached XP level 11. HP: 54/54 MP: 17/32
 20490 | Lair:4   | Received a gift from Sif Muna
 20500 | Lair:4   | Identified Sif Muna's Catalogue of the Cankerous Entourage (Sif Muna gifted it to you on level 4 of the Lair of Beasts)
 20579 | Lair:4   | Noticed a four-headed hydra
 20594 | Lair:4   | Killed a four-headed hydra
 21828 | Lair:5   | Noticed Nessos
 22477 | D:10     | Entered Level 10 of the Dungeon
 22827 | D:10     | Noticed barneyfife's ghost (novice DrTm)
 22903 | D:10     | Noticed Psyche
 22908 | D:10     | Killed Psyche
 23276 | D:10     | Noticed a hill giant
 23766 | Lair:4   | Reached skill level 1 in Invocations
 24378 | D:10     | Killed barneyfife's ghost
 24658 | D:10     | Killed a hill giant
 24854 | D:11     | Noticed a hill giant
 24873 | D:11     | Killed a hill giant
 24880 | D:11     | Reached skill level 16 in Spellcasting
 25364 | D:11     | Noticed a deep elf mage
 25370 | D:11     | Killed a deep elf mage
 25417 | D:11     | Noticed Fannar
 25418 | D:11     | Noticed a phantasmal warrior
 25435 | D:11     | Annihilated by a phantasmal warrior

Skill      XL: |  1  2  3  4  5  6  7  8  9 10 11 |
---------------+----------------------------------+-----
Spellcasting   | 4 5 6 7 9 11 13 15 16 | 16.0
Summonings     | 5 6 7 8 10 11 13 14 | 14.2
Invocations    | 3 |  3.0
Dodging        | |  2.4
Stealth        | |  2.4

Action                   |  1- 3 |  4- 6 |  7- 9 | 10-12 || total
-------------------------+-------+-------+-------+-------++-------
Melee: Dagger            |    78 |   135 |   143 |       ||   356
       Staff             |       |       |    19 |    59 ||    78
 Cast: Summon Small Mamm |    19 |       |     1 |       ||    20
       Call Imp          |    12 |    15 |    18 |       ||    45
       Call Canine Famil |     2 |     9 |    48 |     9 ||    68
       Summon Ice Beast  |       |     3 |    46 |   192 ||   241
       Summon Butterflie |       |       |     1 |     1 ||     2
       Summon Hydra      |       |       |     3 |    13 ||    16
       Summon Demon      |       |       |       |     6 ||     6
       Monstrous Menager |       |       |       |     2 ||     2
Evoke: Wand              |       |       |     4 |     1 ||     5
  Use: Scroll            |     2 |    10 |     7 |     9 ||    28
       Potion            |       |     3 |     3 |     8 ||    14
 Stab: Sleeping          |     7 |     5 |     3 |       ||    15
       Distracted        |     1 |     1 |     1 |     3 ||     6
  Eat: Chunk             |     4 |    11 |     9 |     9 ||    33
       Pizza             |     1 |     1 |       |       ||     2
       Beef jerky        |       |     3 |       |       ||     3
       Fruit             |       |       |     4 |       ||     4
       Bread ration      |       |       |     3 |     6 ||     9
Armor: Robe              |    17 |    29 |    47 |    13 ||   106
       Skin              |       |     3 |       |     8 ||    11
Dodge: Dodged            |    78 |   103 |   144 |   115 ||   440
